 Dungeon Crawl Stone Soup version 0.29-a0-321-gf1c400731a (webtiles) character file.

Game seed: 9253990801255186175

102 Murumi the Vexing (level 4, -2/26 HPs)
             Began as a Vampire Enchanter on Apr 5, 2022.
             Slain by Grinder (9 damage)
             ... while paralysed by Grinder
             ... on level 3 of the Dungeon.
             The game lasted 00:13:11 (3448 turns).

Murumi the Vexing (Vampire Enchanter)               Turns: 3448, Time: 00:13:12

Health: -2/26      AC:  3    Str:  7    XL:     4   Next: 50%
Magic:  7/7        EV:  2    Int: 17    God:
Gold:   68         SH:  0    Dex: 16    Spells: 2/7 levels left

rFire   . . .      SeeInvis +   a - +3 dagger
rCold   + + .      Faith    .   (no shield)
rNeg    + + +      Spirit   .   b - +0 robe
rPois   ∞          Reflect  +   h - +1 hat
rElec   .          Harm     .   (no cloak)
rCorr   .          Rampage  .   (no gloves)
Will    .....                   (no boots)
Stlth   +++++.....              e - amulet of reflection
HPRegen 0.00/turn               (no ring)
MPRegen 0.10/turn               (no ring)

@: paralysed, bloodless, inhibited regen
A: bloodless, fangs 3, see invisible, vampiric 2
a: Bat Form, Revivify


You were on level 3 of the Dungeon.
You visited 1 branch of the dungeon, and saw 3 of its levels.

You collected 82 gold pieces.
You spent 14 gold pieces at shops.

Inventory:

Hand Weapons
 a - a +3 dagger (weapon)
Armour
 b - a +0 robe (worn)
 h - a +1 hat (worn)
Jewellery
 e - an amulet of reflection (around neck)
Potions
 c - 4 potions of invisibility
 d - a potion of flight
 f - a potion of brilliance
 g - 2 potions of curing
 i - a potion of resistance {unknown}


   Skills:
 - Level 2.0 Fighting
 + Level 2.1 Short Blades
 - Level 3.0 Dodging
 - Level 5.0 Stealth
 - Level 2.0 Spellcasting
 - Level 5.0 Hexes
 - Level 1.0 Ice Magic


You had 2 spell levels left.
You knew the following spells:

 Your Spells              Type           Power      Damage    Failure   Level
a - Ensorcelled Hibernat  Hex/Ice        22%        N/A       9%          2
b - Confusing Touch       Hex            18%        N/A       8%          3

Your spell library contained the following spells:

 Spells                   Type           Power      Damage    Failure   Level
 Magic Dart               Conj           4%         1d3       19%         1
 Call Imp                 Summ           1%         N/A       28%         2
 Tukima's Dance           Hex            18%        N/A       8%          3
 Dazzling Flash           Conj/Hex       20%        N/A       21%         3
 Mephitic Cloud           Conj/Pois/Air  1%         N/A       50%         3


Dungeon Overview and Level Annotations

Branches:
Dungeon (3/15)

Altars:

Shops:
D:3 !

Annotations:
D:3 Grinder


Innate Abilities, Weirdness & Mutations

You do not regenerate when monsters are visible.
You are frail without blood (-20% HP).
You can heal yourself when you bite living creatures.
You are immune to poison.
You have razor-sharp teeth.
You have supernaturally acute eyesight. (SInv)
You are afflicted with vampirism and can become a bat while bloodless.


Message History

The adder is almost dead.
The adder closely misses you.
You hit the adder.
You kill the adder!
Training target 2.0 for Fighting reached!
Your Fighting skill increases to level 2!
You need to enable at least one skill for training.
You see here a +0 whip.
j - a scroll labelled JYEZOH NOPSE
As you read the scroll labelled JYEZOH NOPSE, it crumbles to dust.
It is a scroll of amnesia.
Forget Confusing Touch, freeing 3 spell levels for a total of 5?
Your memory of Confusing Touch unravels.
This spell is quite dangerous to cast!
Memorise Confusing Touch, consuming 3 spell levels and leaving 2?
You start memorising the spell.
You continue memorising. x3
You finish memorising.
Spell assigned to 'b'.
Okay, then.
Found a scale mail.
Found 14 stones.
Found a stone staircase leading down.
You see here a +0 scale mail.
A hobgoblin comes into view.
The helpless hobgoblin fails to defend itself.
You bite the hobgoblin, and draw its blood!
You impale the hobgoblin!!
You kill the hobgoblin!
Found a club.
You see here 14 stones.
Grinder comes into view.
The helpless Grinder fails to defend herself.
You impale Grinder!!
Grinder is severely wounded.
Grinder gestures at you.
You suddenly lose the ability to move!
Grinder hits you! Grinder hits you. Grinder hits you!
* * * LOW HITPOINT WARNING * * *
Grinder hits you!
You die...

#..# #..### ###
#..... ...
#######>..#. #..
............ #.#
#######(....
#.#####..........[
#5#............#..
#@#.###.########..
#.......# #..
###.##### #..
#.....# #..
####### #.. ###


You could see Grinder.

Vanquished Creatures
  A gnoll (D:1)
  2 adders
  3 worms
  A dart slug (D:3)
  2 orcs (D:3)
  2 endoplasms (D:2)
  6 goblins
  11 hobgoblins
  3 jackals (D:2)
  3 quokkas
  7 ball pythons
  2 bats
  4 frilled lizards
  4 kobolds
  7 rats
58 creatures vanquished.

Notes
Turn   | Place    | Note
-------+----------+-------------------------------------------
     0 | D:1      | Murumi the Vampire Enchanter began the quest for the Orb.
     0 | D:1      | Reached XP level 1. HP: 13/13 MP: 3/3
   340 | D:1      | Reached skill level 5 in Hexes
   340 | D:1      | Reached skill level 5 in Stealth
   340 | D:1      | Reached XP level 2. HP: 9/15 MP: 5/5
   607 | D:1      | Learned a level 2 spell: Ensorcelled Hibernation
   823 | D:1      | Gained mutation: You are afflicted with vampirism and can
                  | become a bat while bloodless. [Vampire growth]
   823 | D:1      | Reached XP level 3. HP: 19/19 MP: 6/6
  1729 | D:2      | Learned a level 3 spell: Confusing Touch
  1747 | D:2      | Reached skill level 1 in Fighting
  2428 | D:2      | Reached skill level 1 in Ice Magic
  2602 | D:2      | Reached XP level 4. HP: 25/25 MP: 7/7
  3114 | D:3      | Found Miwoucse's Distillery.
  3173 | D:3      | Bought a potion of degeneration for 14 gold pieces
  3392 | D:3      | Learned a level 3 spell: Confusing Touch
  3441 | D:3      | Noticed Grinder
  3444 | D:3      | Paralysed by Grinder for 5 turns
  3448 | D:3      | Slain by Grinder

Illustrated notes

Levels and vault maps discovered:
D:1:      dpeg_arrival_central, layout_basic
D:2:      layout_loops_ring, grunt_ministairs_12
D:3:      layout_loops_ring, fedhas_altar_4, serial_shops, shop,
          nicolae_shop_waterfront, shop, shop_fountains, uniq_grinder

Skill      XL: |  1  2  3  4 |
---------------+-------------+-----
Hexes          | 5 |  5.0
Stealth        | 5 |  5.0
Dodging        | 3 |  3.0
Short Blades   | 2 |  2.1
Fighting       | 1 2 |  2.0
Ice Magic      | 1 |  1.0
Spellcasting   | |  2.0

Action                   |  1- 3 |  4- 6 || total
-------------------------+-------+-------++-------
Melee: Dagger            |    88 |    38 ||   126
       Bite              |     8 |     4 ||    12
       Punch             |     1 |       ||     1
 Cast: Ensorcelled Hiber |     6 |     2 ||     8
 Abil: Exsanguinate      |     1 |       ||     1
  Use: Scroll            |     6 |     5 ||    11
 Stab: Sleeping          |    19 |    11 ||    30
       Distracted        |       |     1 ||     1
Armor: Robe              |    10 |     1 ||    11
Dodge: Dodged            |    37 |    16 ||    53
Block: Other             |       |     3 ||     3

Table legend: (Time is in decaauts)
 A = Elapsed time spent in this place.
 B = Non-inter-level travel time spent in this place.
 C = Inter-level travel time spent in this place.
 D = Time resting spent in this place.
 E = Time spent auto-exploring this place.
 F = Levels seen in this place.
 G = Mean time per level.
                   A        B        C        D        E       F      G
               +--------+--------+--------+--------+--------+-----+--------+
         Total |   3444 |   3202 |    242 |    434 |   2215 |   3 | 1148.0 |
       Dungeon |   3444 |   3202 |    242 |    434 |   2215 |   3 | 1148.0 |
               +--------+--------+--------+--------+--------+-----+--------+

Top non-repeatable levels by time:
     D:1: 1744 daAuts
     D:2: 1338 daAuts
     D:3: 361 daAuts
